cohdb
Replays
Latest Replays
All Replays
Popular Replays
Top Player Replays
Match Explorer
How It Works
Community
CoH3 Stats
Reddit
Sign in to upload your games and track your stats! →
Sign in with Steam
Match 45709920
Unlisted
Match 45709920
Overview
Messages
Build Orders
End
Construct Infanterie Kompanie
Selects Breakthrough Battlegroup
Selects Assault Grenadiers
Grenadier Squad
Grenadier Squad
MG 42 Machine Gun Team
MG 42 Machine Gun Team
GrW 34 Mortar Team
Construct Luftwaffe Kompanie
Medical Station
Selects Breakthrough
Selects Rapid Production
Support Elements
Jäger Squad
Jäger Squad
Marder III M Tank Destroyer
GrW 34 Mortar Team
Wirbelwind Flakpanzer
Selects Incendiary Bombing Run
Selects Blitzkrieg
Marder III M Tank Destroyer
Pioneer Squad
Grenadier Squad
MillenniumKnight
Sauceram
kitoune
BigDrexel
0
0
Comments
sign in to comment!
No comments posted yet!